 Dungeon Crawl Stone Soup version 0.27.1-33-g824d729ab1 (webtiles) character file.

Game seed: 2971458502637530462

609 pkoi the Ruffian (level 7, -1/57 HPs)
             Began as a Green Draconian Monk on Dec 13, 2021.
             Was a Follower of Ashenzari.
             Slain by Grinder (3 damage)
             ... on level 5 of the Dungeon.
             The game lasted 00:04:53 (4277 turns).

pkoi the Ruffian (Green Draconian Monk)             Turns: 4277, Time: 00:04:53

Health: -1/57      AC:  6    Str: 14    XL:     7   Next: 19%
Magic:  10/10      EV: 12    Int: 12    God:    Ashenzari [*.....]
Gold:   182        SH:  0    Dex: 13    Spells: 8/10 levels left

rFire    . . .     SeeInvis .     - Unarmed
rCold    . . .     Faith    .   (no shield)
rNeg     + . .     Spirit   .   (armour unavailable)
rPois    +         Reflect  .   (helmet restricted)
rElec    .         Harm     .   (no cloak)
rCorr    .         Rampage  .   (no gloves)
Will     .....                  (no boots)
Stlth    ++........             i - amulet of Ashenzari's Malaise {RegenMP, Elem, Alch} (curse)
HPRegen  0.19/turn              h - ring "All-seeing Frustration" {rN+, Evo, Melee} (curse)
MPRegen  0.37/turn              (no ring)

@: no status effects
A: breathe noxious fumes, AC +6, unfitting armour, poison resistance,
cold-blooded
a: Breathe Noxious Fumes, Renounce Religion, Shatter the Chains


You were on level 5 of the Dungeon.
You worshipped Ashenzari.
Ashenzari was aware of your devotion.
You visited 1 branch of the dungeon, and saw 5 of its levels.

You collected 182 gold pieces.

Inventory:

Hand Weapons
 b - a +0 short sword
 d - a +2 whip of freezing
Missiles
 g - 18 poisoned darts (quivered)
Jewellery
 h - the cursed ring "All-seeing Frustration" (left hand) {rN+, Evo, Melee}
   (You found it on level 2 of the Dungeon)

   [ring of positive energy]

   rN:        It protects you from negative energy.
   It has a curse which improves the following skills: Evocations: Evocations.
   Melee Combat: Short Blades, Long Blades, Axes, Maces & Flails, Polearms,
   Staves and Unarmed Combat.
 i - the cursed amulet of Ashenzari's Malaise (around neck) {RegenMP, Elem, Alch}
   (You found it on level 2 of the Dungeon)

   [amulet of magic regeneration]

   It increases your rate of magic regeneration.
   It has a curse which improves the following skills: Elements: Fire Magic, Ice
   Magic, Air Magic and Earth Magic.
   Alchemy:   Poison Magic and Transmutations.
Wands
 j - a wand of digging (4)
 l - a wand of flame (21)
Scrolls
 e - 2 scrolls of identify
 k - a scroll of fog
Potions
 a - 3 potions of heal wounds
 c - 3 potions of curing
 f - a potion of magic
 m - a potion of invisibility


   Skills:
 - Level 3.2 Fighting
 - Level 2.6 Dodging
 - Level 1.7 Stealth
 + Level 6.4(7.4) Unarmed Combat
 + Level 2.4 Spellcasting
 + Level 2.7(3.6) Transmutations
 + Level 2.7(3.6) Earth Magic


You had 8 spell levels left.
You knew the following spells:

 Your Spells              Type           Power      Damage    Failure   Level
a - Passwall              Tmut/Erth      8%         N/A       9%          2

Your spell library contained the following spells:

 Spells                   Type           Power      Damage    Failure   Level
 Swiftness                Air            1%         N/A       58%         3
 Invisibility             Hex            0%         N/A       100%        6


Dungeon Overview and Level Annotations

Branches:
Dungeon (5/15)             Temple (0/1) D:5

Altars:
Ashenzari
Elyvilon

Shops:
D:1 [

Annotations:
D:5 Grinder


Innate Abilities, Weirdness & Mutations

You can breathe blasts of noxious fumes.
Your lurid green scales are hard. (AC +6)
You cannot fit into any form of body armour.
Your system is resistant to poisons. (rPois)
You are cold-blooded and may be slowed by cold attacks.


Message History

You barely miss the phantom.
Your tail-slap misses the phantom.
The phantom is moderately damaged.
The phantom hits you but does no damage.
You barely miss the phantom.
The phantom is moderately damaged.
The phantom hits you!
The phantom blinks!
You blink.
You closely miss the phantom.
The phantom is moderately damaged.
You punch the phantom!
Your tail-slap misses the phantom.
The phantom is heavily damaged.
The phantom barely misses you.
You hit the phantom but do no damage.
The phantom is heavily damaged.
The phantom hits you.
The phantom blinks!
You blink.
You punch the phantom!
The phantom is almost destroyed.
The phantom hits you.
* * * LOW HITPOINT WARNING * * *
Grinder gestures at you.
You struggle to resist.
You closely miss the phantom.
The phantom is almost destroyed.
The phantom hits you.
* * * LOW HITPOINT WARNING * * *
The phantom blinks!
You blink.
Grinder hits you but does no damage.
The phantom hits you but does no damage.
Grinder hits you!
* * * LOW HITPOINT WARNING * * *
You writhe in agony.
* * * LOW HITPOINT WARNING * * *
Grinder hits you!
* * * LOW HITPOINT WARNING * * *
An adder comes into view.
The adder hisses angrily.
You hit the phantom.
You destroy the phantom!
Grinder hits you.
* * * LOW HITPOINT WARNING * * *
You writhe in agony.
You die...

.......5§.#
#.#..#.#..#
###.##....!.#
............#
#.######.#####.
#.##............
#......#.##.####
####S#.#.##.#####
#......@.........
#.######5..######
#..§...'...+
########...#
#...#### ###########
#.#.# #.........#
#.#+######.........#
#..................#
#....)####.........#


You could see Grinder and an adder.

Vanquished Creatures
  A black bear (D:4)
  An ogre (D:5)
  A phantom (D:5)
  A scorpion (D:5)
  A howler monkey (D:5)
  2 centaur zombies
  A bullfrog zombie (D:5)
  A hound (D:4)
  A jelly (D:4)
  A scorpion zombie (D:5)
  Natasha (twice) (D:2)
  A hound skeleton (D:2)
  4 adders
  3 worms
  2 dart slugs
  2 orcs
  3 bats
  5 endoplasms
  3 giant cockroaches
  3 goblins
  4 hobgoblins
  3 ball pythons
  2 frilled lizards
  5 kobolds
  3 rats
  A spectral kobold (D:1)
57 creatures vanquished.

Notes
Turn   | Place    | Note
-------+----------+-------------------------------------------
     0 | D:1      | pkoi the Draconian Monk began the quest for the Orb.
     0 | D:1      | Reached XP level 1. HP: 19/19 MP: 1/1
   274 | D:1      | Reached XP level 2. HP: 26/26 MP: 2/2
   421 | D:1      | Found Gouxiq's Antique Armour Boutique.
   953 | D:1      | Found a faded altar of an unknown god.
   972 | D:1      | Reached skill level 4 in Unarmed Combat
  1527 | D:2      | Reached XP level 3. HP: 30/31 MP: 3/3
  1702 | D:2      | Noticed Natasha
  1711 | D:2      | Killed Natasha
  1712 | D:2      | Reached XP level 4. HP: 34/38 MP: 4/4
  1792 | D:2      | Reached skill level 5 in Unarmed Combat
  1981 | D:2      | Learned a level 2 spell: Passwall
  2084 | D:2      | Noticed Natasha
  2092 | D:2      | Killed Natasha
  2224 | D:3      | Noticed an ogre
  2260 | D:3      | Found a broken altar of Ashenzari.
  2273 | D:3      | Became a worshipper of Ashenzari the Shackled
  2842 | D:4      | Reached XP level 5. HP: 42/45 MP: 5/5
  2851 | D:4      | Reached skill level 1 in Transmutations
  2851 | D:4      | Reached skill level 1 in Earth Magic
  2877 | D:4      | Reached skill level 1 in Spellcasting
  2997 | D:4      | Found a white marble altar of Elyvilon.
  3023 | D:4      | Noticed a black bear
  3032 | D:4      | Killed a black bear
  3033 | D:4      | Reached skill level 6 in Unarmed Combat
  3033 | D:4      | Reached XP level 6. HP: 39/51 MP: 6/8
  3383 | D:5      | Entered Level 5 of the Dungeon
  4077 | D:5      | Found a staircase to the Ecumenical Temple.
  4123 | D:5      | Reached * piety under Ashenzari
  4137 | D:5      | Your scales start taking on a lurid green colour.
  4137 | D:5      | Reached XP level 7. HP: 57/57 MP: 10/10
  4137 | D:5      | Gained mutation: Your system is resistant to poisons.
                  | (rPois) [Green Draconian growth]
  4241 | D:5      | Noticed Grinder
  4277 | D:5      | HP: 2/57 [Grinder (3)]
  4277 | D:5      | Slain by Grinder

Illustrated notes

Levels and vault maps discovered:
D:1:      minmay_arrival_stone_box, layout_basic,
          dreamdust_ecumenical_altar_drowned_temple, serial_shops, shop
D:2:      layout_basic, uniq_natasha
D:3:      layout_loops_ring, mainiacjoe_overflow_alcove_4,
          nicolae_overflow_hidden_temple
D:4:      layout_rooms, nicolae_elyvilon_peaceful_grove,
          mrwooster_statue_mirror, hangedman_abyss_or_decor_slice
D:5:      layout_basic, minmay_temple_entry_antechambers,
          nicolae_take_the_stairs, lemuel_old_faithful, uniq_blork_the_orc,
          uniq_grinder

Skill      XL: |  1  2  3  4  5  6 |
---------------+-------------------+-----
Unarmed Combat | 4 5 6 |  6.4
Transmutations | 1 2 |  2.7
Earth Magic    | 1 2 |  2.7
Spellcasting   | 1 2 |  2.4
Fighting       | |  3.2
Dodging        | |  2.6
Stealth        | |  1.7

Action                   |  1- 3 |  4- 6 |  7- 9 || total
-------------------------+-------+-------+-------++-------
Melee: Unarmed           |    41 |    89 |    41 ||   171
       Tailslap          |     7 |    20 |     4 ||    31
       Whip              |    68 |    24 |       ||    92
       Punch             |     1 |     2 |     1 ||     4
Invok: Curse Item        |       |     2 |       ||     2
  Use: Scroll            |       |     3 |       ||     3
       Potion            |       |     1 |       ||     1
 Stab: Sleeping          |     2 |     4 |       ||     6
Armor: Skin              |    26 |    35 |    17 ||    78
Dodge: Dodged            |    71 |    82 |    25 ||   178
